 Dungeon Sprint DCSS version 0.19.0-19-g8c6edcc (webtiles) character file.

2898 poirepourri the Bludgeoner (level 9, -1/68 HPs)
             Began as a Gargoyle Fighter on Nov 15, 2016.
             Was a Believer of Cheibriados.
             Slain by an unseen horror (3 damage)
             ... in the Dungeon (Sprint III: "The Ten Rune Challenge").
             The game lasted 00:03:56 (1743 turns).

poirepourri the Bludgeoner (Gargoyle Fighter)       Turns: 1743, Time: 00:03:57

Health: -1/68      AC: 14    Str: 26    XL:     9   Next: 77%
Magic:  9/9        EV: 11    Int: 14    God:    Cheibriados [**....]
Gold:   38         SH: 11    Dex: 16    Spells: 0 memorised, 8 levels left

rFire  . . .     SeeInvis .     a - +0 flail
rCold  . . .     Gourm    .     b - +0 scale mail
rNeg   + . .     Faith    .     c - +0 shield
rPois  ∞         Spirit   .     (no helmet)
rElec  +         Reflect  .     g - +0 cloak
rCorr  .         Harm     .     (no gloves)
MR     .....     NoTele   +     (no boots)
Stlth  ..........               (no amulet)
                                (no ring)
                                (no ring)

@: very slightly contaminated, very slow
A: negative energy resistance 1, electricity resistance, unbreathing,
petrification resistance, rot immunity, AC +5
a: Bend Time, Renounce Religion


You were in the Dungeon.
You worshipped Cheibriados.
Cheibriados was pleased with you.
You were not hungry.

You visited 1 branch You collected 38 gold pieces.

Inventory:

Hand Weapons
 a - a +0 flail (weapon)
Armour
 b - a +0 scale mail (worn)
 c - a +0 shield (worn)
 g - a +0 cloak (worn)
Scrolls
 l - 3 scrolls of identify
 o - 3 scrolls of remove curse
Potions
 h - a potion of haste
 i - 3 potions of magic
 m - 2 potions of mutation
 p - 4 potions of cure mutation
Books
 j - a book of Cantrips

   Spells                             Type                      Level
   a - Confusing Touch                Hexes                        1
   b - Animate Skeleton               Necromancy                   1
   c - Summon Small Mammal            Summoning                    1
   d - Apportation                    Translocation                1
Comestibles
 f - 2 bread rations
 n - a royal jelly


   Skills:
 + Level 13.9 Fighting
 + Level 15.6 Maces & Flails
 + Level 5.6 Armour
 + Level 4.0 Dodging
 + Level 5.3 Shields


You had 8 spell levels left.
You didn't know any spells.

Dungeon Overview and Level Annotations

Branches:
Dungeon (1/1)

Altars:
Cheibriados
Dithmenos
Elyvilon
Fedhas
Gozag
Hepliaklqana
Kikubaaqudgha
Makhleb
Nemelex Xobeh
Okawaru
Qazlal
Ru
Sif Muna
Trog
Uskayaw
Vehumet
Xom
Yredelemnul
Zin
The Shining One
Beogh
Jiyva
Lugonu


Innate Abilities, Weirdness & Mutations

You are resistant to torment.
Your stone body is resilient. (AC +5)
You are immune to poison.
You resist negative energy. (rN+)
You are resistant to electric shocks. (rElec)
You can survive without breathing.
You are immune to petrification.
You are immune to rotting.


Message History

You block something's attack.
You close the door.
Something hits you.
* * * LOW HITPOINT WARNING * * *
You start resting.
Something hits you but does no damage.
You start resting.
Something hits you.
* * * LOW HITPOINT WARNING * * *
Something hits you.
* * * LOW HITPOINT WARNING * * *
You start resting.
Something hits you but does no damage.
Okay, then.
Blink to where?
Press: ? - help, Dir - move target cursor You are very lightly contaminated with residual magic.
As you read the scroll of blinking, it crumbles to dust.
Something hits you!
* * * LOW HITPOINT WARNING * * *
Something hits you but does no damage.
You see here an arrow.
Something hits you.
You die...

'#'###)## ........# ....?...#
.######'#
.#__#...#+#####################
.#__#...#..≈§§§§#.(..§+.#.#.#.+
##__#..)#.#§§§#§#)#...##.#.#.##
:#__#...'.#§§.#.#(#...#.#.#.#.#
_#__'...#.#§..#.@)#...##.#.#.#
▓▓▓▓▓▓▓▓▓▓▓▓▓▓▓▓▓▓▓▓▓▓#.#.#.#
##.#.#.# +.#.#.#.# ##.#.#.## #+
####


There were no monsters in sight!

Vanquished Creatures
  Josephine (D)
  A centaur warrior (D)
  A deep elf mage (D)
  A shadow (D)
  A spatial vortex (D)
  A necrophage (D)
  2 centaurs (D)
  An earth elemental (D)
  A water elemental (D)
  A jelly (D)
  A wizard (D)
  Crazy Yiuf (D)
  Jessica (D)
  A necromancer (D)
  A kobold demonologist (D)
  3 humans (D)
  2 oozes (D)
  A rat (D)
22 creatures vanquished.

Vanquished Creatures (others)
  2 draconian scorchers (D)
  A yaktaur (D)
  6 hellions (D)
  2 plants (D)
11 creatures vanquished.

Grand Total: 33 creatures vanquished

Notes
Turn   | Place    | Note
-------+----------+-------------------------------------------
     0 | D        | poirepourri the Gargoyle Fighter began the quest for the Orb.
     0 | D        | Reached XP level 1. HP: 14/14 MP: 1/1
     9 | D        | Reached skill level 5 in Fighting
     9 | D        | Reached skill level 3 in Maces & Flails
     9 | D        | Reached XP level 2. HP: 19/21 MP: 2/2
    43 | D        | Noticed Jessica
    49 | D        | Killed Jessica
    49 | D        | Reached skill level 4 in Maces & Flails
    49 | D        | Reached XP level 3. HP: 28/28 MP: 3/3
    87 | D        | Reached skill level 5 in Maces & Flails
   120 | D        | Killed a hellion
   130 | D        | Killed a hellion
   130 | D        | Killed a hellion
   131 | D        | Killed a hellion
   131 | D        | Killed a hellion
   131 | D        | Killed a hellion
   207 | D        | Killed a yaktaur
   213 | D        | Killed a white draconian scorcher
   258 | D        | Killed a white draconian scorcher
   313 | D        | Noticed Crazy Yiuf
   326 | D        | Killed Crazy Yiuf
   326 | D        | Reached XP level 4. HP: 14/34 MP: 4/4
   497 | D        | Noticed a water elemental
   505 | D        | Killed a water elemental
   505 | D        | Reached skill level 7 in Maces & Flails
   505 | D        | Reached skill level 1 in Dodging
   505 | D        | Reached XP level 5. HP: 40/40 MP: 5/5
   616 | D        | Found a radiant altar of Vehumet.
   616 | D        | Found a deep blue altar of Sif Muna.
   616 | D        | Found an ancient bone altar of Kikubaaqudgha.
   624 | D        | Reached skill level 8 in Maces & Flails
   671 | D        | Found a basalt altar of Yredelemnul.
   671 | D        | Found a shadowy altar of Dithmenos.
   671 | D        | Found a sacrificial altar of Ru.
   671 | D        | Noticed a necrophage
   683 | D        | Killed a necrophage
   683 | D        | Reached skill level 9 in Maces & Flails
   683 | D        | Reached XP level 6. HP: 48/48 MP: 6/6
   696 | D        | Found a glowing silver altar of Zin.
   696 | D        | Found a glowing golden altar of the Shining One.
   696 | D        | Found a white marble altar of Elyvilon.
   697 | D        | Noticed a deep elf mage
   703 | D        | Noticed an ice beast
   703 | D        | Killed a deep elf mage
   703 | D        | Reached skill level 12 in Maces & Flails
   703 | D        | Reached XP level 7. HP: 54/54 MP: 7/7
   706 | D        | Found a hide-covered altar of Uskayaw.
   706 | D        | Found a roughly hewn altar of Beogh.
   706 | D        | Found an iron altar of Okawaru.
   706 | D        | Found a bloodstained altar of Trog.
   706 | D        | Noticed a human
   706 | D        | Noticed a human
   711 | D        | Killed a human
   719 | D        | Killed a human
   719 | D        | Reached XP level 8. HP: 41/60 MP: 8/8
   735 | D        | Noticed a shadow
   738 | D        | Killed a shadow
   738 | D        | Reached skill level 13 in Maces & Flails
   749 | D        | Found a blossoming altar of Fedhas.
   749 | D        | Found a stormy altar of Qazlal.
   749 | D        | Found a snail-covered altar of Cheibriados.
   749 | D        | Found a burning altar of Makhleb.
   749 | D        | Found a shimmering altar of Xom.
   750 | D        | Found a hazy altar of Hepliaklqana.
   750 | D        | Found an opulent altar of Gozag.
   750 | D        | Found a sparkling altar of Nemelex Xobeh.
   750 | D        | Found a corrupted altar of Lugonu.
   750 | D        | Found a viscous altar of Jiyva.
   758 | D        | Became a worshipper of Cheibriados the Contemplative
   882 | D        | Noticed Josephine
   900 | D        | Killed Josephine
   900 | D        | Reached skill level 14 in Maces & Flails
   900 | D        | Reached XP level 9. HP: 52/68 MP: 9/9
  1027 | D        | Noticed a centaur warrior
  1044 | D        | Killed a centaur warrior
  1044 | D        | Reached * piety under Cheibriados
  1044 | D        | Reached skill level 15 in Maces & Flails
  1044 | D        | Reached skill level 5 in Armour
  1044 | D        | Reached skill level 5 in Shields
  1046 | D        | Reached ** piety under Cheibriados
  1741 | D        | HP: 1/68 [something (7)]
  1743 | D        | Slain by an unseen horror

Skill      XL: |  1  2  3  4  5  6  7  8  9 |
---------------+----------------------------+-----
Fighting       | 5 6 7 8 9 11 12 13 | 13.9
Maces & Flails | 3 4 5 7 9 12 14 15 | 15.6
Dodging        | 1 2 3 4 |  4.0
Armour         | 4 5 |  5.6
Shields        | 5 |  5.3

Action                   |  1- 3 |  4- 6 |  7- 9 || total
-------------------------+-------+-------+-------++-------
Melee: Flail             |    31 |    31 |   101 ||   163
  Use: Potion            |     1 |     2 |     5 ||     8
       Scroll            |       |     2 |     1 ||     3
  Eat: Meat ration       |       |       |     1 ||     1
Armor: Scale mail        |    12 |    15 |    95 ||   122
Dodge: Dodged            |     4 |     4 |    26 ||    34
Block: Shield            |     6 |     5 |    47 ||    58
